 Dungeon Crawl Stone Soup version 0.31-a0-1066-g35875b34c7 (webtiles) character file.

Game seed: 2844409248650031748

1585 Gumption the Cudgeller (level 8, 0/69 HPs)
             Began as a Gnoll Cinder Acolyte on Nov 22, 2023.
             Was an Initiate of Okawaru.
             Slain by a steam dragon (6 damage)
             ... on level 7 of the Dungeon.
             The game lasted 00:47:19 (5469 turns).

Gumption the Cudgeller (Gnoll Cinder Acolyte)       Turns: 5469, Time: 00:47:19

Health: 0/69       AC: 15    Str: 15    XL:     8   Next: 92%
Magic:  5/15       EV: 11    Int: 13    God:    Okawaru [......]
Gold:   38         SH:  6    Dex:  9    Spells: 12/16 levels left

rFire   . . .        a - -1 mace (flame)
rCold   + . .        g - +0 buckler
rNeg    + . .        H - +3 scale mail {rC+}
rPois   .            D - +0 helmet
rElec   .            m - +0 cloak
rCorr   .            s - +0 pair of gloves
SInv    .            (no boots)
Will    .....        (no amulet)
Stlth   +            M - ring of the Octopus King {rN+ HP+2 AC+2 EV+2 SH+2}
HPRegen 0.31/turn    f - ring of protection from fire
MPRegen 0.14/turn

%: no passive effects
@: very slightly contaminated, fire susceptible
A: fangs 1, strong nose, distributed training
a: Renounce Religion


You were on level 7 of the Dungeon.
You worshipped Okawaru.
Okawaru was noncommittal.
You visited 2 branches of the dungeon, and saw 8 of its levels.

You collected 324 gold pieces.
You spent 286 gold pieces at shops.

Inventory:

Hand Weapons
 a - a -1 mace of flaming (weapon)
 b - a +3 whip
 p - a +1 hand axe of electrocution
 u - the +3 falchion "Ylimm" {chaos, Contam rN+++ Str+9 Int-4}
   (You found it on level 4 of the Dungeon)

   Str+9:     It affects your strength (+9).
   Int-4:     It affects your intelligence (-4).
   rN+++:     It renders you almost immune to negative energy.
   Contam:    It causes magical contamination when unequipped.
 I - a +0 flail
Missiles
 i - 5 datura-tipped darts
 j - 4 poisoned darts
 o - 6 boomerangs (quivered)
 E - 2 curare-tipped darts
Armour
 d - a +0 ring mail
 g - a +0 buckler (worn)
 m - a +0 cloak (worn)
 s - a +0 pair of gloves (worn)
 D - a +0 helmet (worn)
 H - a +3 scale mail of cold resistance (worn)
Jewellery
 f - a ring of protection from fire (right hand)
 l - a ring of flight
 J - a ring of willpower
 M - a ring of the Octopus King (left hand) {rN+ HP+2 AC+2 EV+2 SH+2}
   (You acquired it on level 7 of the Dungeon)

   [ring of positive energy]

   AC+2:      It affects your AC (+2).
   EV+2:      It affects your evasion (+2).
   rN+:       It protects you from negative energy.
   HP+2:      It affects your health (+2).
   SH+2:      It affects your SH (+2).
Wands
 k - a wand of flame (13)
 C - a wand of charming (15)
Scrolls
 c - 3 scrolls of immolation
 h - a scroll of blinking
 r - a scroll of poison {unknown}
 t - 2 scrolls of revelation
 v - a scroll of amnesia {unknown}
 x - a scroll of silence {unknown}
 y - a scroll of fear
 A - a scroll of fog
 B - 2 scrolls of teleportation
 L - a scroll of vulnerability {unknown}
Potions
 e - a potion of magic {unknown}
 n - 2 potions of curing
 q - a potion of resistance
 w - a potion of might {unknown}
 z - a potion of brilliance {unknown}
 F - 2 potions of cancellation {unknown}
 G - a potion of lignification {unknown}
 K - a potion of attraction {unknown}
 N - a potion of mutation {unknown}


   Skills:
 + Level 7.6 Fighting
 + Level 3.7 Short Blades
 + Level 3.7 Long Blades
 + Level 3.7 Axes
 + Level 7.6 Maces & Flails
 + Level 3.7 Polearms
 + Level 3.7 Staves
 + Level 3.7 Ranged Weapons
 + Level 3.7 Throwing
 + Level 3.7 Armour
 + Level 3.7 Dodging
 + Level 3.7 Stealth
 + Level 3.7 Shields
 + Level 3.7 Unarmed Combat
 + Level 4.7 Spellcasting
 + Level 3.1 Conjurations
 + Level 3.1 Hexes
 + Level 3.1 Summonings
 + Level 3.1 Necromancy
 + Level 3.1 Translocations
 + Level 3.1 Transmutations
 + Level 6.3 Fire Magic
 + Level 3.1 Ice Magic
 + Level 3.1 Air Magic
 + Level 3.1 Earth Magic
 + Level 3.1 Poison Magic
 + Level 4.1 Invocations
 + Level 3.7 Evocations
 + Level 3.4 Shapeshifting


You had 12 spell levels left.
You knew the following spells:

 Your Spells              Type           Power      Damage    Failure   Level
a - Scorch                Fire           38%        2d6       11%         2
b - Blink                 Tloc           22%        N/A       36%         2

Your spell library contained the following spells:

 Spells                   Type           Power      Damage    Failure   Level
 Manifold Assault         Tloc           11%        N/A       95%         4


Dungeon Overview and Level Annotations

Branches:
Dungeon (7/15)             Temple (1/1) D:7

Altars:
Ashenzari
Cheibriados
Dithmenos
Elyvilon
Gozag
Hepliaklqana
Kikubaaqudgha
Nemelex Xobeh
Okawaru
Qazlal
Ru
Sif Muna
Uskayaw
Wu Jian
Xom
Yredelemnul
Zin
The Shining One

Shops:
D:2 =   D:3 [


Innate Abilities, Weirdness & Mutations

You have very sharp teeth.
Your uncanny sense of smell can sniff out nearby items.
Your experience applies equally to all skills.


Message History

You are engulfed in a cloud of scalding steam.
You block the steam dragon's attack.
The steam dragon claws you but does no damage.
The steam dragon completely misses you.
The steam dragon claws you but does no damage.
You closely miss the steam dragon.
The steam dragon is heavily wounded.
The steam dragon is no longer more vulnerable to fire.
The steam dragon breathes steam at you. The ball of steam hits you!
* * * LOW HITPOINT WARNING * * *
Casting: Scorch (safe; 11% risk of failure)
Confirm with . or Enter, or press ? or * to list all spells.
Flames lash the bullfrog.
The bullfrog is heavily wounded.
The bullfrog's fire resistance burns away.
You are engulfed in a cloud of scalding steam.
* * * LOW HITPOINT WARNING * * *
The steam dragon bites you.
* * * LOW HITPOINT WARNING * * *
The steam dragon barely misses you.
Casting: Scorch (safe; 11% risk of failure)
Confirm with . or Enter, or press ? or * to list all spells.
You miscast Scorch.
You are very lightly contaminated with residual magic.
Nothing appears to happen.
You are engulfed in a cloud of scalding steam.
* * * LOW HITPOINT WARNING * * *
The steam dragon misses you.
The steam dragon claws you but does no damage.
You feel better.
The steam dragon bites you but does no damage.
You block the steam dragon's attack.
Casting: Scorch (safe; 11% risk of failure)
Confirm with . or Enter, or press ? or * to list all spells.
Flames lash the steam dragon.
The steam dragon is heavily wounded.
The steam dragon's fire resistance burns away.
The steam dragon bites you.
You die...

#...##.........
.....#..######.
#.......<..#
#...##...#.###.
### #..........
##...#####.
#..##
#..######.#
#..FD@.§..#
##'########
#...# ∆ #.....#
#.......#
#.........#
+.........+
#<........#
##.......##


You could see a steam dragon (combustible) and a bullfrog (combustible).

Vanquished Creatures
  Grinder (D:4)
  Eustachio (D:6)
  A steam dragon (D:6)
  A water moccasin (D:5)
  Duvessa (D:7)
  An ice beast (D:5)
  A black bear (D:5)
  An ogre (D:5)
  A bullfrog (D:7)
  A scorpion (D:6)
  Dowan (D:7)
  4 hounds
  Crazy Yiuf (D:2)
  2 sleepcaps
  2 orc priests
  An iguana (D:6)
  8 adders
  2 shadow imps (D:6)
  3 worms
  4 dart slugs
  14 orcs
  3 ball pythons
  3 bats
  9 endoplasms
  5 giant cockroaches
  7 goblins
  3 hobgoblins
  8 jackals
  4 kobolds
  3 quokkas
  2 frilled lizards (D:2)
  4 rats
103 creatures vanquished.

Vanquished Creatures (others)
  16 foxfires (D:4)
16 creatures vanquished.

Grand Total: 119 creatures vanquished

Notes
Turn   | Place    | Note
-------+----------+-------------------------------------------
     0 | D:1      | Gumption the Gnoll Cinder Acolyte began the quest for the
                  | Orb.
     0 | D:1      | Reached XP level 1. HP: 23/23 MP: 4/4
   269 | D:1      | Reached XP level 2. HP: 29/29 MP: 5/5
   347 | D:1      | Learned a level 2 spell: Scorch
   827 | D:2      | Reached XP level 3. HP: 29/35 MP: 7/7
   983 | D:2      | Found Doruseh's Jewellery Shoppe.
  1099 | D:2      | Found a runed translucent door.
  1100 | D:2      | Noticed Crazy Yiuf
  1158 | D:2      | Reached skill level 1 in Invocations
  1379 | D:2      | Killed Crazy Yiuf
  1380 | D:2      | Reached skill level 1 in Short Blades
  1380 | D:2      | Reached skill level 1 in Long Blades
  1380 | D:2      | Reached skill level 1 in Axes
  1380 | D:2      | Reached skill level 1 in Polearms
  1380 | D:2      | Reached skill level 1 in Staves
  1380 | D:2      | Reached skill level 1 in Ranged Weapons
  1380 | D:2      | Reached skill level 1 in Throwing
  1380 | D:2      | Reached skill level 1 in Armour
  1380 | D:2      | Reached skill level 1 in Dodging
  1380 | D:2      | Reached skill level 1 in Stealth
  1380 | D:2      | Reached skill level 1 in Shields
  1380 | D:2      | Reached skill level 1 in Unarmed Combat
  1380 | D:2      | Reached skill level 1 in Evocations
  1380 | D:2      | Reached skill level 1 in Shapeshifting
  1380 | D:2      | Reached XP level 4. HP: 21/41 MP: 8/8
  1594 | D:3      | Found an ornate altar of the Wu Jian Council.
  1600 | D:3      | Found a basalt altar of Yredelemnul.
  1600 | D:3      | Found a stormy altar of Qazlal.
  1600 | D:3      | Found an opulent altar of Gozag.
  1601 | D:3      | Found a snail-covered altar of Cheibriados.
  1603 | D:3      | Found a shimmering altar of Xom.
  1604 | D:3      | Found a hide-covered altar of Uskayaw.
  1813 | D:3      | Reached skill level 1 in Conjurations
  1813 | D:3      | Reached skill level 1 in Hexes
  1813 | D:3      | Reached skill level 1 in Summonings
  1813 | D:3      | Reached skill level 1 in Necromancy
  1813 | D:3      | Reached skill level 1 in Translocations
  1813 | D:3      | Reached skill level 1 in Transmutations
  1813 | D:3      | Reached skill level 1 in Ice Magic
  1813 | D:3      | Reached skill level 1 in Air Magic
  1813 | D:3      | Reached skill level 1 in Earth Magic
  1813 | D:3      | Reached skill level 1 in Poison Magic
  1894 | D:3      | Found Yriarr's Armour Boutique.
  1919 | D:3      | Reached XP level 5. HP: 47/47 MP: 9/9
  2565 | D:4      | Identified the +3 falchion "Ylimm" {chaos, Contam rN+++
                  | Str+9 Int-4}
  2617 | D:4      | Reached XP level 6. HP: 53/53 MP: 4/11
  2774 | D:4      | Noticed Grinder
  2794 | D:4      | Paralysed by Grinder for 4 turns
  2803 | D:4      | Killed Grinder
  2804 | D:4      | Reached XP level 7. HP: 57/59 MP: 7/12
  3065 | D:5      | Entered Level 5 of the Dungeon
  3632 | D:5      | Reached XP level 8. HP: 67/67 MP: 9/14
  4577 | D:3      | Bought a +3 scale mail of cold resistance for 286 gold
                  | pieces
  4736 | D:6      | Noticed Eustachio
  4748 | D:6      | Killed Eustachio
  5129 | D:7      | Identified 2 scrolls of acquirement
  5129 | D:7      | Acquired a ring of the Octopus King {rN+ HP+2 AC+2 EV+2
                  | SH+2}
  5129 | D:7      | Found the ring of the Octopus King {rN+ HP+2 AC+2 EV+2
                  | SH+2}
  5133 | D:7      | Acquired an Inescapable Atlas
  5138 | D:7      | Learned a level 2 spell: Blink
  5198 | D:7      | Found a staircase to the Ecumenical Temple.
  5204 | Temple   | Entered the Ecumenical Temple
  5225 | Temple   | Fell from the grace of Ignis
  5225 | Temple   | Became a worshipper of Warmaster Okawaru
  5345 | D:7      | Noticed Duvessa
  5345 | D:7      | Noticed Dowan
  5359 | D:7      | Killed Duvessa
  5362 | D:7      | Killed Dowan
  5467 | D:7      | HP: 1/69 [steam dragon] (3)]
  5469 | D:7      | Slain by a steam dragon

Illustrated notes

Levels and vault maps discovered:
D:1:      mrwooster_arrival_statue_3, layout_loops_ring
D:2:      layout_basic, serial_shops, shop, uniq_crazy_yiuf_cottage
D:3:      layout_basic, minitemple, serial_shops, nicolae_shop_scrapyard
D:4:      layout_rooms, corexii_item_surrounded_by_moat, uniq_grinder
D:5:      layout_basic, mrwooster_statue_mirror
D:6:      layout_gridville, uniq_eustachio
D:7:      layout_loops_corners, grunt_temple_overflow_lords_of_destruction,
          temple_green, minmay_a_box_with_orc_wizards_in_it, uniq_duvessa,
          uniq_jeremiah
Temple:   jpeg_temple_clearing

Skill      XL: |  1  2  3  4  5  6  7  8 |
---------------+-------------------------+-----
Invocations    | 1 2 3 4 |  4.1
Short Blades   | 1 2 3 |  3.7
Long Blades    | 1 2 3 |  3.7
Axes           | 1 2 3 |  3.7
Polearms       | 1 2 3 |  3.7
Staves         | 1 2 3 |  3.7
Ranged Weapons | 1 2 3 |  3.7
Throwing       | 1 2 3 |  3.7
Armour         | 1 2 3 |  3.7
Dodging        | 1 2 3 |  3.7
Stealth        | 1 2 3 |  3.7
Shields        | 1 2 3 |  3.7
Unarmed Combat | 1 2 3 |  3.7
Spellcasting   | 3 4 |  4.7
Evocations     | 1 2 3 |  3.7
Shapeshifting  | 1 2 3 |  3.4
Conjurations   | 1 2 3 |  3.1
Hexes          | 1 2 3 |  3.1
Summonings     | 1 2 3 |  3.1
Necromancy     | 1 2 3 |  3.1
Translocations | 1 2 3 |  3.1
Transmutations | 1 2 3 |  3.1
Ice Magic      | 1 2 3 |  3.1
Air Magic      | 1 2 3 |  3.1
Earth Magic    | 1 2 3 |  3.1
Poison Magic   | 1 2 3 |  3.1
Fighting       | 7 |  7.6
Maces & Flails | 7 |  7.6
Fire Magic     | 6 |  6.3

Action                     |  1- 3 |  4- 6 |  7- 9 || total
---------------------------+-------+-------+-------++-------
  Melee: Mace              |    18 |       |    88 ||   106
         Bite              |     8 |     7 |    13 ||    28
         Punch             |     1 |       |       ||     1
         Whip              |    54 |    87 |    10 ||   151
  Throw: Boomerang         |       |    32 |    25 ||    57
         Dart              |       |     5 |       ||     5
   Cast: Scorch            |     4 |    19 |    46 ||    69
 Invoke: Fiery Armour      |     1 |     3 |     1 ||     5
         Foxfire Swarm     |       |     1 |       ||     1
    Use: Scroll            |       |     5 |     6 ||    11
         Potion            |       |       |     1 ||     1
 Armour: Ring mail         |    31 |    41 |    30 ||   102
         Scale mail        |       |       |    64 ||    64
  Dodge: Dodged            |    19 |    34 |    55 ||   108
  Block: Buckler           |     1 |    10 |    23 ||    34

Table legend: (Time is in decaauts)
 A = Elapsed time spent in this place.
 B = Non-inter-level travel time spent in this place.
 C = Inter-level travel time spent in this place.
 D = Time resting spent in this place.
 E = Time spent auto-exploring this place.
 F = Levels seen in this place.
 G = Mean time per level.
                   A        B        C        D        E       F      G
               +--------+--------+--------+--------+--------+-----+--------+
         Total |   5463 |   5289 |    174 |   1070 |   1845 |   8 |  682.9 |
       Dungeon |   5425 |   5251 |    174 |   1070 |   1845 |   7 |  775.0 |
        Temple |     38 |     38 |      0 |      0 |      0 |   1 |   38.0 |
               +--------+--------+--------+--------+--------+-----+--------+

Top non-repeatable levels by time:
     D:4: 977 daAuts
     D:6: 961 daAuts
     D:5: 938 daAuts
     D:2: 852 daAuts
     D:3: 726 daAuts
     D:1: 657 daAuts
     D:7: 311 daAuts
  Temple: 38 daAuts
